 Dungeon Crawl Stone Soup version 0.24-a0-350-g5b3daab (webtiles) character file.

Game seed: 11147842691463630985

10 Bane the Magician (level 2, 0/20 HPs)
             Began as a Barachi Wizard on May 23, 2019.
             Slain by a goblin
             ... wielding a +0 club
              (7 damage)
             ... on level 1 of the Dungeon.
             The game lasted 00:02:30 (320 turns).

Bane the Magician (Barachi Wizard)                   Turns: 320, Time: 00:02:31

Health: 0/20       AC:  2    Str:  8    XL:     2   Next: 20%
Magic:  0/6        EV: 12    Int: 18    God:
Gold:   37         SH:  0    Dex: 10    Spells: 6/7 levels left

rFire    . . .     SeeInvis .   e - +0 whip
rCold    . . .     Gourm    .   (no shield)
rNeg     . . .     Faith    .   a - +0 robe
rPois    .         Spirit   .   b - +0 hat
rElec    .         Reflect  .   (no cloak)
rCorr    .         Harm     .   (no gloves)
MR       .....     Rnd*Tele +   (no boots)
Stlth    ++........             (no amulet)
HPRegen  0.06/turn              f - ring of teleportation (curse)
MPRegen  0.10/turn              (no ring)

@: very slightly contaminated, slow
A: +LOS, swims, slowness 1, strong legs 1
a: Hop


You were on level 1 of the Dungeon.
You were not hungry.

You visited 1 branch of the dungeon, and saw 2 of its levels.

You collected 37 gold pieces.

Inventory:

Hand Weapons
 e - a +0 whip (weapon)
Armour
 a - a +0 robe (worn)
 b - a +0 hat (worn)
Jewellery
 f - a cursed ring of teleportation (left hand)
Potions
 c - 2 potions of flight {unknown}
 g - a potion of curing {unknown}
Comestibles
 d - a ration


   Skills:
 + Level 0.4 Fighting
 + Level 0.4 Armour
 + Level 2.4 Dodging
 + Level 1.9 Stealth
 + Level 3.3 Spellcasting
 * Level 1.5 Conjurations
   Level 1.2 Summonings
   Level 1.1 Translocations


You had 6 spell levels left.
You knew the following spells:

 Your Spells              Type           Power        Failure   Level  Hunger
a - Magic Dart            Conj           #...         9%          1    None

Your spell library contained the following spells:

 Spells                   Type           Power        Failure   Level  Hunger
 Call Imp                 Summ           #.......     14%         2    ##.....
 Blink                    Tloc           N/A          16%         2    ##.....
 Slow                     Hex            #.......     24%         2    ##.....
 Conjure Flame            Conj/Fire      #.......     34%         3    ###....
 Mephitic Cloud           Conj/Pois/Air  #.......     36%         3    ###....


Dungeon Overview and Level Annotations

Branches:
Dungeon (2/15)

Altars:


Innate Abilities, Weirdness & Mutations

Shadows flee at your approach. (+LOS)
You can swim through water.
You cover ground slowly.
You can hop short distances.


Message History

Confirm with . or Enter, or press ? or * to list all spells.
Aiming: Magic Dart (safe; 9% risk of failure)
Press: ? - help, Shift-Dir - straight line, f/p - leopard gecko
Aim: a leopard gecko (almost dead, clinging)
The magic dart hits the leopard gecko.
You kill the leopard gecko!
You closely miss the goblin. The goblin closely misses you.
You hit the goblin.
The goblin is almost dead.
The goblin barely misses you.
You hit the goblin but do no damage.
The goblin is almost dead.
The goblin hits you but does no damage.
You closely miss the goblin.
The goblin is almost dead.
The goblin barely misses you.
You barely miss the goblin.
The goblin is almost dead.
The goblin hits you with a +0 club!
You die...

...# #.#..#.###.#
#.######......†...#
#.......#.....#...#
#######.#.##.####.##
#.#.##.###...
#...##..##%.# ###
####.....#..#...
#.##..#†.#†# #.
##.#@...#
#.###..#g######.#
#................
#####.......###.#
#..#..##.# #.....#
... #...#># ....
###.### .... #. #$..


You could see a goblin.

Vanquished Creatures
  A leopard gecko (D:1)
  A goblin (D:1)
  A hobgoblin (D:1)
  A ball python (D:1)
  2 bats (D:1)
  A frilled lizard (D:1)
  3 rats
10 creatures vanquished.

Notes
Turn   | Place    | Note
-------+----------+-------------------------------------------
     0 | D:1      | Bane the Barachi Wizard began the quest for the Orb.
     0 | D:1      | Reached XP level 1. HP: 13/13 MP: 4/4
    33 | D:1      | You fall into a shaft and drop 1 floor!
   240 | D:1      | Reached XP level 2. HP: 18/19 MP: 1/6
   320 | D:1      | Slain by a goblin

Levels and vault maps discovered:
D:1:      wander_arrival_lonely_grave, layout_basic
D:2:      layout_basic, first_ration

Action                   || total
-------------------------++-------
Melee: Unarmed           ||     1
       Whip              ||    15
 Cast: Magic Dart        ||    23
Armor: Robe              ||     4
Dodge: Dodged            ||    18

Table legend:
 A = Non-vault XP
 B = Vault XP
 C = Vault XP percentage of total XP
 D = Non-vault monster count
 E = Vault monster count
 F = Vault count percentage of total count
                 A         B        C        D         E       F
            +---------+---------+-------+---------+---------+-------
      Total |      15 |       0 |   0.0 |      10 |       0 |   0.0
            +---------+---------+-------+---------+---------+-------
        D:1 |      14 |       0 |   0.0 |       9 |       0 |   0.0
        D:2 |       1 |       0 |   0.0 |       1 |       0 |   0.0
            +---------+---------+-------+---------+---------+-------
